| TOP OF THE 1ST |
|
Cedar Rapids Kernels batting - Pitching for Beloit Snappers : LHP Sean Zech
|
|
Pitching: LHP Sean Zech
|
|
|
Batting: RHB David Nardone
|
0-0: Ball 1-0: Fly out, F7 (Flyball, 78S, EV 88.1 MPH)
|
|
Batting: RHB Tony Crespo
|
0-0: SINGLE (Line Drive, 7LS, EV 98.1 MPH)
|
|
Batting: RHB Matt Dunn
|
0-0: Ball Tony Crespo steals 2nd base (no throw) 1-0: Fly out, F2 (Popup, 3SF, EV 75.6 MPH)
|
|
Batting: SHB Dan Morataya
|
0-0: Called Strike 0-1: Ball 1-1: Swinging Strike 1-2: Fly out, F7 (Line Drive, 7S, EV 89.4 MPH)
|
| Top of the 1st over - 0 runs, 1 hit, 0 errors, 1 left on base; Cedar Rapids 0 - Beloit 0 |
| BOTTOM OF THE 1ST |
|
Beloit Snappers batting - Pitching for Cedar Rapids Kernels : RHP Matt Springer
|
|
Pitching: RHP Matt Springer
|
|
|
Batting: SHB Robert Santiago
|
0-0: Ball 1-0: Ball 2-0: Ground out U3 (Groundball, 3L, EV 80.6 MPH)
|
|
Batting: LHB Angel Sanchez
|
0-0: Fly out, F9 (Flyball, 89XD, EV 91.9 MPH)
|
|
Batting: RHB Tim Cordle
|
0-0: Called Strike 0-1: Swinging Strike 0-2: Ball 1-2: Strikes out swinging
|
| Bottom of the 1st over - 0 runs, 0 hits, 0 errors, 0 left on base; Cedar Rapids 0 - Beloit 0 |
| TOP OF THE 2ND |
|
Cedar Rapids Kernels batting - Pitching for Beloit Snappers : LHP Sean Zech
|
|
Batting: SHB Matt Urbani
|
0-0: Ball 1-0: Ball 2-0: SINGLE (Groundball, 6MS, EV 65.0 MPH) (infield hit)
|
|
Batting: LHB David Campbell
|
0-0: Foul Ball, location: 2F 0-1: Ball Matt Urbani steals 2nd base 1-1: Swinging Strike 1-2: Strikes out swinging
|
|
Batting: RHB Ryan Gautney
|
0-0: Ball 1-0: Ball 2-0: Called Strike 2-1: Fly out, F8 (Line Drive, 8RS, EV 88.8 MPH)
|
|
Batting: LHB Israel Montoya
|
0-0: Ball 1-0: Ball 2-0: Ball 3-0: Called Strike 3-1: Base on Balls
|
|
Batting: RHB Dave Berry
|
0-0: Ball 1-0: Foul Ball, location: 2F 1-1: Fly out, F8 (Flyball, 8LS, EV 98.8 MPH)
|
| Top of the 2nd over - 0 runs, 1 hit, 0 errors, 2 left on base; Cedar Rapids 0 - Beloit 0 |
| BOTTOM OF THE 2ND |
|
Beloit Snappers batting - Pitching for Cedar Rapids Kernels : RHP Matt Springer
|
|
Batting: RHB Josh Whaley
|
0-0: Ball 1-0: Called Strike 1-1: Called Strike 1-2: Ball 2-2: DOUBLE (Line Drive, 89D, EV 109.4 MPH)
|
|
Batting: RHB Casey Nicita
|
0-0: Ball 1-0: Foul Ball, location: 2F 1-1: Ball 2-1: Ball 3-1: Swinging Strike 3-2: Strikes out swinging
|
|
Batting: RHB Todd Vanasco
|
0-0: Called Strike 0-1: Swinging Strike 0-2: Ball Wild Pitch! Josh Whaley to third 1-2: Ball 2-2: Foul Ball, location: 2F 2-2: Strikes out swinging
|
|
Batting: RHB Jose Marquez
|
0-0: Foul Ball, location: 2F 0-1: Ball 1-1: Foul Ball, location: 2F 1-2: Ground out 2-3 (Groundball, 2R, EV 66.2 MPH)
|
| Bottom of the 2nd over - 0 runs, 1 hit, 0 errors, 1 left on base; Cedar Rapids 0 - Beloit 0 |
| TOP OF THE 3RD |
|
Cedar Rapids Kernels batting - Pitching for Beloit Snappers : LHP Sean Zech
|
|
Batting: RHB David Nardone
|
0-0: Ball 1-0: Called Strike 1-1: Ball 2-1: SINGLE (Groundball, 6MD, EV 100.0 MPH)
|
|
Batting: RHB Tony Crespo
|
0-0: Swinging Strike 0-1: Ball 1-1: Ball 2-1: Foul Ball, location: 2F 2-2: Foul Ball, location: 2F 2-2: DOUBLE (Groundball, 5L, EV 102.5 MPH) David Nardone to third Runner from 3rd tries for Home, SAFE, throw by LF to trailing runner, SAFE at third!
|
|
Batting: RHB Matt Dunn
|
0-0: Called Strike 0-1: Called Strike 0-2: Fly out, F7 (Flyball, 7S, EV 72.5 MPH)
|
|
Batting: SHB Dan Morataya
|
0-0: Ball 1-0: Ball 2-0: Ball 3-0: DOUBLE (Line Drive, 89XD, EV 100.0 MPH) Tony Crespo scores
|
|
Batting: SHB Matt Urbani
|
0-0: Ball 1-0: Ball 2-0: Called Strike 2-1: Swinging Strike 2-2: Ball 3-2: Strikes out swinging
|
|
Batting: LHB David Campbell
|
0-0: Ball 1-0: Called Strike 1-1: Ball 2-1: Foul Ball, location: 2F 2-2: Fly out, F8 (Line Drive, 8LD, EV 99.4 MPH)
|
| Top of the 3rd over - 2 runs, 3 hits, 0 errors, 1 left on base; Cedar Rapids 2 - Beloit 0 |
| BOTTOM OF THE 3RD |
|
Beloit Snappers batting - Pitching for Cedar Rapids Kernels : RHP Matt Springer
|
|
Batting: SHB Mike Jorgenson
|
0-0: Foul Ball, location: 2F 0-1: Ball 1-1: Fly out, F9 (Flyball, 9S, EV 90.6 MPH)
|
|
Batting: RHB Rick Linders
|
0-0: Ball 1-0: Ball 2-0: Foul Ball, location: 2F 2-1: Called Strike 2-2: Strikes out looking
|
|
Batting: SHB Robert Santiago
|
0-0: Ball 1-0: Ball 2-0: Called Strike 2-1: Called Strike 2-2: Ball 3-2: Ground out 5-3 (Groundball, 56S, EV 81.2 MPH)
|
| Bottom of the 3rd over - 0 runs, 0 hits, 0 errors, 0 left on base; Cedar Rapids 2 - Beloit 0 |
| TOP OF THE 4TH |
|
Cedar Rapids Kernels batting - Pitching for Beloit Snappers : LHP Sean Zech
|
|
Batting: RHB Ryan Gautney
|
0-0: Ball 1-0: Ball 2-0: Called Strike 2-1: Fly out, F8 (Flyball, 8RXD, EV 83.8 MPH)
|
|
Batting: LHB Israel Montoya
|
0-0: Foul Ball, location: 2F 0-1: Called Strike 0-2: Ball 1-2: Ball 2-2: Fly out, F8 (Flyball, 8RD, EV 98.8 MPH)
|
|
Batting: RHB Dave Berry
|
0-0: Ball 1-0: Called Strike 1-1: Called Strike 1-2: Ball 2-2: Foul Ball, location: 2F 2-2: Strikes out swinging
|
| Top of the 4th over - 0 runs, 0 hits, 0 errors, 0 left on base; Cedar Rapids 2 - Beloit 0 |
| BOTTOM OF THE 4TH |
|
Beloit Snappers batting - Pitching for Cedar Rapids Kernels : RHP Matt Springer
|
|
Batting: LHB Angel Sanchez
|
0-0: Called Strike 0-1: Fly out, F7 (Line Drive, 7LS, EV 88.1 MPH)
|
|
Batting: RHB Tim Cordle
|
0-0: Ground out 6-3 (Groundball, 6, EV 76.9 MPH)
|
|
Batting: RHB Josh Whaley
|
0-0: Ball 1-0: Called Strike 1-1: Ball 2-1: Ball 3-1: Base on Balls
|
|
Batting: RHB Casey Nicita
|
0-0: Called Strike 0-1: Ball 1-1: 2-RUN HOME RUN (Flyball, 7LD, EV 93.8 MPH), Distance : 350 ft
|
|
Batting: RHB Todd Vanasco
|
0-0: Ball 1-0: Ball 2-0: Called Strike 2-1: Ball 3-1: Ground out 6-3 (Groundball, 6M, EV 103.1 MPH)
|
| Bottom of the 4th over - 2 runs, 1 hit, 0 errors, 0 left on base; Cedar Rapids 2 - Beloit 2 |
| TOP OF THE 5TH |
|
Cedar Rapids Kernels batting - Pitching for Beloit Snappers : LHP Sean Zech
|
|
Batting: RHB David Nardone
|
0-0: Ball 1-0: Foul Ball, location: 2F 1-1: Ball 2-1: Fly out, F6 (Line Drive, 5, EV 63.1 MPH)
|
|
Batting: RHB Tony Crespo
|
0-0: Called Strike 0-1: Ball 1-1: SOLO HOME RUN (Flyball, 7D, EV 98.8 MPH), Distance : 365 ft
|
|
Batting: RHB Matt Dunn
|
0-0: Ground out 5-3 (Groundball, 56, EV 106.2 MPH)
|
|
Batting: SHB Dan Morataya
|
0-0: Called Strike 0-1: Foul Ball, location: 2F 0-2: Ball 1-2: Ball 2-2: Ball 3-2: SOLO HOME RUN (Flyball, 9LD, EV 96.2 MPH), Distance : 348 ft
|
|
Batting: SHB Matt Urbani
|
0-0: Ball 1-0: Ball 2-0: Ground out 6-3 (Groundball, 6, EV 98.1 MPH)
|
| Top of the 5th over - 2 runs, 2 hits, 0 errors, 0 left on base; Cedar Rapids 4 - Beloit 2 |
| BOTTOM OF THE 5TH |
|
Beloit Snappers batting - Pitching for Cedar Rapids Kernels : RHP Matt Springer
|
|
Batting: RHB Jose Marquez
|
0-0: Ball 1-0: Called Strike 1-1: Ball 2-1: Foul Ball, location: 2F 2-2: Ground out 6-3 (Groundball, 6M, EV 100.0 MPH)
|
|
Batting: SHB Mike Jorgenson
|
0-0: Foul Ball, location: 2F 0-1: Foul Ball, location: 2F 0-2: Ball 1-2: Ground out 6-3 (Groundball, 4M, EV 89.4 MPH)
|
|
Batting: RHB Rick Linders
|
0-0: Ground out U3 (Groundball, 3, EV 80.0 MPH)
|
| Bottom of the 5th over - 0 runs, 0 hits, 0 errors, 0 left on base; Cedar Rapids 4 - Beloit 2 |
| TOP OF THE 6TH |
|
Cedar Rapids Kernels batting - Pitching for Beloit Snappers : LHP Sean Zech
|
|
Batting: LHB David Campbell
|
0-0: Foul Ball, location: 2F 0-1: Ball 1-1: Ball 2-1: Ball 3-1: Base on Balls
|
|
Batting: RHB Ryan Gautney
|
0-0: Fielders Choice at 2nd, 5-4 (Groundball, 56, EV 111.2 MPH)
|
|
Batting: LHB Israel Montoya
|
0-0: Called Strike 0-1: Ball 1-1: Called Strike 1-2: Strikes out swinging
|
|
Pitching: RHP Eddie Carrasco
|
|
|
Batting: RHB Dave Berry
|
0-0: Called Strike 0-1: Swinging Strike 0-2: Ball 1-2: Ball 2-2: Ball 3-2: Base on Balls Ryan Gautney to second
|
|
Batting: RHB David Nardone
|
0-0: Called Strike 0-1: Ground out U3 (Groundball, 3L, EV 104.4 MPH)
|
| Top of the 6th over - 0 runs, 0 hits, 0 errors, 2 left on base; Cedar Rapids 4 - Beloit 2 |
| BOTTOM OF THE 6TH |
|
Beloit Snappers batting - Pitching for Cedar Rapids Kernels : RHP Matt Springer
|
|
Batting: SHB Robert Santiago
|
0-0: Swinging Strike 0-1: Called Strike 0-2: Strikes out swinging
|
|
Batting: LHB Angel Sanchez
|
0-0: SINGLE (Line Drive, 89M, EV 100.6 MPH)
|
|
Batting: RHB Tim Cordle
|
0-0: Ball Angel Sanchez is caught stealing 2nd base 2-4 1-0: DOUBLE (Flyball, 89D, EV 108.1 MPH)
|
|
Batting: RHB Josh Whaley
|
0-0: Called Strike 0-1: Swinging Strike 0-2: Ball 1-2: SINGLE (Line Drive, 78M, EV 96.2 MPH) Tim Cordle to third Runner from 3rd tries for Home, SAFE, throw by CF to home Josh Whaley to second
|
|
Batting: RHB Casey Nicita
|
0-0: Ground out 4-3 (Groundball, 34, EV 106.9 MPH)
|
| Bottom of the 6th over - 1 run, 3 hits, 0 errors, 1 left on base; Cedar Rapids 4 - Beloit 3 |
| TOP OF THE 7TH |
|
Cedar Rapids Kernels batting - Pitching for Beloit Snappers : RHP Eddie Carrasco
|
|
Batting: RHB Tony Crespo
|
0-0: Foul Ball, location: 2F 0-1: Ball 1-1: Fly out, F9 (Flyball, 9LM, EV 95.0 MPH)
|
|
Batting: RHB Matt Dunn
|
0-0: Called Strike 0-1: Ball 1-1: Ball 2-1: Ball 3-1: Base on Balls
|
|
Batting: SHB Dan Morataya
|
0-0: Ball Matt Dunn is caught stealing 2nd base 2-6 1-0: Ball 2-0: Ball 3-0: Base on Balls
|
|
Batting: SHB Matt Urbani
|
0-0: Called Strike Dan Morataya is caught stealing 2nd base 2-6
|
| Top of the 7th over - 0 runs, 0 hits, 0 errors, 0 left on base; Cedar Rapids 4 - Beloit 3 |
| BOTTOM OF THE 7TH |
|
Beloit Snappers batting - Pitching for Cedar Rapids Kernels : RHP Matt Springer
|
|
Batting: RHB Todd Vanasco
|
0-0: Ball 1-0: Ground out U3 (Groundball, 3, EV 81.2 MPH)
|
|
Batting: LHB Henry Hutson
|
0-0: Foul Ball, location: 2F 0-1: Ball 1-1: Called Strike 1-2: Strikes out looking
|
|
Batting: SHB Mike Jorgenson
|
0-0: Ball 1-0: Ball 2-0: Fly out, F8 (Flyball, 8RD, EV 93.1 MPH)
|
| Bottom of the 7th over - 0 runs, 0 hits, 0 errors, 0 left on base; Cedar Rapids 4 - Beloit 3 |
| TOP OF THE 8TH |
|
Cedar Rapids Kernels batting - Pitching for Beloit Snappers : RHP Eddie Carrasco
|
|
Batting: SHB Matt Urbani
|
0-0: Called Strike 0-1: Ball 1-1: SINGLE (Line Drive, 7LS, EV 88.1 MPH)
|
|
Batting: LHB David Campbell
|
0-0: Ball 1-0: Swinging Strike 1-1: Swinging Strike 1-2: Strikes out swinging
|
|
Batting: RHB Ryan Gautney
|
0-0: Called Strike 0-1: Ball Matt Urbani is caught stealing 2nd base 2-4 1-1: Ball 2-1: Foul Ball, location: 2F 2-2: Strikes out swinging
|
| Top of the 8th over - 0 runs, 1 hit, 0 errors, 0 left on base; Cedar Rapids 4 - Beloit 3 |
| BOTTOM OF THE 8TH |
|
Beloit Snappers batting - Pitching for Cedar Rapids Kernels : RHP Matt Springer
|
|
Pinch Hitting: SHB John Cummings
|
0-0: Foul Ball, location: 2F 0-1: Ball 1-1: Swinging Strike 1-2: Foul Ball, location: 2F 1-2: Strikes out looking
|
|
Batting: SHB Robert Santiago
|
0-0: Ball 1-0: SINGLE (Line Drive, 4M, EV 93.8 MPH)
|
|
Pitching: LHP John Pedlar
|
|
|
Batting: LHB Angel Sanchez
|
0-0: Ball Wild Pitch! Robert Santiago to second 1-0: Ball 2-0: Called Strike 2-1: Ball 3-1: Base on Balls
|
|
Batting: RHB Tim Cordle
|
0-0: Swinging Strike 0-1: Swinging Strike 0-2: Ball 1-2: Foul Ball, location: 2F 1-2: Strikes out swinging
|
|
Batting: RHB Josh Whaley
|
0-0: Foul Ball, location: 2F 0-1: Called Strike 0-2: Strikes out looking
|
| Bottom of the 8th over - 0 runs, 1 hit, 0 errors, 2 left on base; Cedar Rapids 4 - Beloit 3 |
| TOP OF THE 9TH |
|
Cedar Rapids Kernels batting - Pitching for Beloit Snappers : RHP Eddie Carrasco
|
|
Now at 2B: Hidetada Iba
|
|
|
Batting: LHB Israel Montoya
|
0-0: Foul Ball, location: 2F 0-1: Ball 1-1: Ball 2-1: Swinging Strike 2-2: Strikes out swinging
|
|
Pinch Hitting: LHB Ho-win Zhou
|
0-0: Ball 1-0: Ground out 2-3 (Groundball, 2R, EV 75.0 MPH)
|
|
Batting: RHB David Nardone
|
0-0: Ball 1-0: Ball 2-0: Foul Ball, location: 2F 2-1: Foul Ball, location: 2F 2-2: Ball 3-2: Base on Balls
|
|
Batting: RHB Tony Crespo
|
0-0: Called Strike 0-1: Foul Ball, location: 2F 0-2: Strikes out swinging
|
| Top of the 9th over - 0 runs, 0 hits, 0 errors, 1 left on base; Cedar Rapids 4 - Beloit 3 |
| BOTTOM OF THE 9TH |
|
Beloit Snappers batting - Pitching for Cedar Rapids Kernels : LHP John Pedlar
|
|
Now at SS: Mike Craver
|
|
|
Batting: RHB Casey Nicita
|
0-0: Called Strike 0-1: Swinging Strike 0-2: Strikes out looking
|
|
Batting: RHB Todd Vanasco
|
0-0: Called Strike 0-1: Called Strike 0-2: Ball 1-2: Ball 2-2: Strikes out looking
|
|
Batting: RHB Larry Clark
|
0-0: Called Strike 0-1: Swinging Strike 0-2: Strikes out swinging
|
| Bottom of the 9th over - 0 runs, 0 hits, 0 errors, 0 left on base; Cedar Rapids 4 - Beloit 3 |
|